 Dungeon Crawl Stone Soup version 0.19-a0-1490-g5dd3618 (webtiles) character file.

14884 beholder the Cruncher (level 12, -11/97 HPs)
             Began as a Formicid Fighter on Sept 7, 2016.
             Was the Champion of Makhleb.
             Mangled by an eight-headed hydra (12 damage)
             ... on level 11 of the Dungeon on Sept 8, 2016.
             The game lasted 01:30:53 (12391 turns).

beholder the Cruncher (Formicid Fighter)           Turns: 12391, Time: 01:30:55

Health: -11/97     AC: 15    Str: 27    XL:     12   Next: 50%
Magic:  17/17      EV: 12    Int: 14    God:    Makhleb [******]
Gold:   709        SH: 13    Dex: 15    Spells: 2 memorised, 5 levels left

rFire  + + .     SeeInvis +     J - +3 spear of Acot {flame, rF+ Dex+4}
rCold  . . .     Gourm    .     q - +2 ring mail {rPois}
rNeg   . . .     Faith    +     c - +0 shield
rPois  +         Spirit   .     (helmet unavailable)
rElec  .         Dismiss  .     h - +2 cloak
rCorr  .         Reflect  .     V - +0 pair of gloves
MR     +....     Harm     .     X - +0 pair of boots
Stlth  +.........               l - amulet of faith
                                g - ring "Luekhad" {rF+ Int+4 Slay+5}
                                I - +6 ring of strength

@: no status effects
A: permanent stasis, dig shafts and tunnels, four strong arms, antennae 3, dopey
1, no device heal 1
a: Dig, Shaft Self, Minor Destruction, Lesser Servant of Makhleb, Major
Destruction, Greater Servant of Makhleb, Renounce Religion


You were on level 11 of the Dungeon.
You worshipped Makhleb.
Makhleb was exalted by your worship.
You were not hungry.

You visited 1 branch of the dungeon, and saw 11 of its levels.

You collected 721 gold pieces.
You spent 12 gold pieces at shops.

Inventory:

Hand Weapons
 a - a +0 quarterstaff
 w - a +0 blowgun
 J - the +3 spear of Acot (weapon) {flame, rF+ Dex+4}
   (You found it on level 9 of the Dungeon)

   It has been specially enchanted to burn those struck by it, causing extra
   injury to most foes and up to half again as much damage against particularly
   susceptible opponents.
   It affects your dexterity (+4).
   It protects you from fire.
Missiles
 P - 3 curare-tipped needles
Armour
 c - a +0 shield (worn)
 h - a +2 cloak (worn)
 q - a +2 ring mail of poison resistance (worn)
 T - a +2 robe of the Archmagi
 V - a +0 pair of gloves (worn)
 X - a +0 pair of boots (worn)
Rods
 E - a +0 rod of shadows (12/12)
   (You found it on level 4 of the Dungeon)
Jewellery
 g - the ring "Luekhad" (right hand) {rF+ Int+4 Slay+5}
   (You found it on level 11 of the Dungeon)

   [ring of protection from fire]

   It affects your intelligence (+4).
   It affects your accuracy and damage with ranged weapons and melee attacks
   (+5).
   It protects you from fire.
 l - an amulet of faith (around neck)
 n - an uncursed ring of flight
 I - a +6 ring of strength (left hand)
 N - an uncursed ring of protection from magic
 Z - an uncursed ring of magical power
Wands
 u - a wand of confusion (4/48)
 Q - a wand of flame (7/48)
 R - a wand of slowing (26/48)
 S - a wand of flame (15/48)
 U - a wand of lightning (0/15)
Scrolls
 j - 9 scrolls of remove curse
 x - 3 scrolls of noise {unknown}
 y - a scroll of blinking {unknown}
 A - 3 scrolls of immolation
 B - 3 scrolls of random uselessness {unknown}
 C - a scroll of fear {unknown}
 F - 3 scrolls of enchant weapon {unknown}
 M - 3 scrolls of teleportation {unknown}
 O - 2 scrolls of amnesia {unknown}
Potions
 b - a potion of ambrosia
 d - 2 potions of might
 e - 7 potions of curing
 k - a potion of agility
 m - a potion of resistance
 p - 4 potions of haste
 t - 3 potions of heal wounds
 G - a potion of berserk rage
 H - a potion of cancellation
 K - a potion of invisibility
Books
 L - Sif Muna's Reference Book on Execration
   (You found it on level 5 of the Dungeon)

   Spells                             Type                      Level
   a - Corona                         Hexes                        1
 W - a book of Battle

   Spells                             Type                      Level
   a - Infusion                       Charms                       1
   b - Shroud of Golubria             Charms/Translocation         2
   c - Song of Slaying                Charms                       2
   d - Spectral Weapon                Hexes/Charms                 3
   e - Regeneration                   Charms/Necromancy            3
Comestibles
 f - 11 bread rations
 i - 7 chunks of flesh
 s - a beef jerky
 v - 12 slices of pizza
 z - 4 meat rations
 Y - 4 fruits


   Skills:
 - Level 10.0 Fighting
 + Level 11.1 Staves
 - Level 10.0 Armour
 + Level 2.9 Dodging
 + Level 10.1 Shields
 + Level 7.6 Invocations


You had 5 spell levels left.
You knew the following spells:

 Your Spells              Type           Power        Failure   Level  Hunger
r - Regeneration          Chrm/Necr      #.........   93%         3    ####...
w - Spectral Weapon       Hex/Chrm       #.......     93%         3    ####...


Dungeon Overview and Level Annotations

Branches:
Dungeon (11/15)            Temple (0/1) D:5            Lair (0/6) D:10
    Orc: D:9-12

Altars:
Ashenzari
Cheibriados
Fedhas
Makhleb
Okawaru
Ru
Sif Muna
Uskayaw
Vehumet
Xom
Yredelemnul

Shops:
D:5 %   D:6 (   D:9 !


Innate Abilities, Weirdness & Mutations

You are under a permanent stasis effect.
You can dig through walls and to a lower floor.
Your four strong arms can wield two-handed weapons with a shield.
You have a pair of large antennae on your head. (SInv)
You are dopey. (Int -2)
Potions and wands are less effective at restoring your health.


Message History

The eight-headed hydra barely misses you.
You block the eight-headed hydra's attack.
The eight-headed hydra barely misses you.
The eight-headed hydra bites you but does no damage.
You take 14 damage, and have 22/97 hp.
Throwing (i - inventory):
r - a throwing net (quivered)
Press: ? - help, Shift-Dir - straight line, p - eight-headed hydra You throw a throwing net.
The throwing net barely misses the eight-headed hydra.
The eight-headed hydra bites you!
* * * LOW HITPOINT WARNING * * *
The eight-headed hydra bites you but does no damage.
The eight-headed hydra bites you.
* * * LOW HITPOINT WARNING * * *
The eight-headed hydra barely misses you.
The eight-headed hydra bites you!
* * * LOW HITPOINT WARNING * * *
You block the eight-headed hydra's attack.
The eight-headed hydra bites you!
You die...

# #))(#.)######
# #####.........
# #.>....##..##
. +......'...# #
#......##... ##
###.......####
.#
...........#..#
.#
............#..#
.#
#####.......@..#
.# #......##D##
## #......# ...
######## ####


You could see an eight-headed hydra.

Vanquished Creatures
  Josephine (D:10)
  4 hill giants
  An ugly thing (D:11)
  Maurice (D:9)
  Joseph (D:8)
  Psyche (D:9)
  A troll (D:10)
  Prince Ribbit (D:9)
  5 wraiths
  A shadow (D:9)
  A wyvern (D:9)
  14 yaks
  Eustachio (D:5)
  2 hippogriffs
  Duvessa (D:6)
  2 ice beasts (D:9)
  3 sky beasts
  A black bear (D:8)
  6 orc warriors
  2 wasps
  3 ogres
  A phantom (D:6)
  3 centaurs
  A crocodile (D:10)
  A big kobold (D:11)
  5 giant frogs
  A gnoll sergeant (D:10)
  Dowan (D:6)
  5 scorpions
  20 killer bees
  13 wights
  3 howler monkeys
  3 crimson imps
  2 centaur zombies
  5 giant frog zombies
  3 jellies
  3 orc priests
  15 orc wizards
  4 centaur skeletons
  8 hounds
  A giant frog skeleton (D:8)
  A gnoll shaman (D:6)
  2 iguanas
  6 worker ants
  A killer bee zombie (D:9)
  A hound skeleton (D:4)
  2 worker ant zombies (D:5)
  10 gnolls
  9 adders
  2 river rats (D:10)
  4 shadow imps
  2 oozes
  A worm (D:5)
  A dart slug (D:2)
  8 giant geckos
  32 orcs
  2 ball pythons
  17 bats
  6 giant cockroaches
  14 hobgoblins
  7 jackals
  21 kobolds
  5 quokkas
  4 giant newts
  8 goblins
  A quokka skeleton (D:4)
  21 rats
  2 plants (D:10)
341 creatures vanquished.

Vanquished Creatures (collateral kills)
  The ghost of Rationalist the Cleaver, a novice MiFi of Trog (D:9)
  2 ogres (D:6)
  3 centaurs
  2 big kobolds
  A gnoll sergeant (D:6)
  A scorpion (D:9)
  2 killer bees (D:9)
  A wight (D:7)
  A crimson imp (D:5)
  2 orc priests
  3 hounds
  3 gnoll shamans (D:6)
  3 gnolls (D:6)
  An adder (D:7)
  An adder skeleton (D:7)
  A giant gecko (D:6)
  6 orcs
  5 hobgoblins (D:6)
  6 jackals (D:6)
  3 kobolds
  2 plants (D:6)
50 creatures vanquished.

Vanquished Creatures (others)
  A jackal (D:6)
  11 fungi (D:10)
  2 plants (D:10)
14 creatures vanquished.

Grand Total: 405 creatures vanquished

Notes
Turn   | Place    | Note
-------+----------+-------------------------------------------
     0 | D:1      | beholder the Formicid Fighter began the quest for the Orb.
     0 | D:1      | Reached XP level 1. HP: 18/18 MP: 1/1
    56 | D:1      | Reached XP level 2. HP: 16/24 MP: 2/2
   957 | D:2      | Reached XP level 3. HP: 29/29 MP: 3/3
  1061 | D:2      | Reached XP level 4. HP: 35/37 MP: 4/4
  1210 | D:2      | Found a faded altar of an unknown god.
  1226 | D:2      | Became a worshipper of Makhleb the Destroyer
  1226 | D:2      | Reached * piety under Makhleb
  1778 | D:3      | Reached XP level 5. HP: 42/42 MP: 5/5
  1848 | D:3      | Found a blossoming altar of Fedhas.
  2212 | D:4      | Reached ** piety under Makhleb
  2266 | D:4      | Noticed an ogre
  2291 | D:4      | Killed an ogre
  2291 | D:4      | Reached skill level 3 in Staves
  2291 | D:4      | Reached skill level 1 in Invocations
  2291 | D:4      | Reached XP level 6. HP: 38/48 MP: 5/7
  2452 | D:4      | Reached skill level 5 in Shields
  2582 | D:4      | Found a snail-covered altar of Cheibriados.
  2608 | D:4      | Found a shattered altar of Ashenzari.
  2613 | D:4      | Found an iron altar of Okawaru.
  2733 | D:4      | Reached XP level 7. HP: 52/55 MP: 8/8
  2749 | D:4      | Reached skill level 5 in Armour
  2911 | D:4      | Reached skill level 4 in Staves
  2923 | D:5      | Entered Level 5 of the Dungeon
  2943 | D:5      | Found a hide-covered altar of Uskayaw.
  3004 | D:5      | Reached *** piety under Makhleb
  3040 | D:5      | Found a staircase to the Ecumenical Temple.
  3050 | D:5      | Reached skill level 5 in Fighting
  3060 | D:5      | Noticed Eustachio
  3082 | D:5      | Killed Eustachio
  3082 | D:5      | Reached XP level 8. HP: 62/62 MP: 10/10
  3230 | D:5      | Reached skill level 5 in Staves
  3245 | D:5      | Identified a +0 rod of shadows (12/12) (You found it on level 4 of the Dungeon)
  3545 | D:5      | Found a radiant altar of Vehumet.
  3802 | D:5      | Found a deep blue altar of Sif Muna.
  3994 | D:5      | Identified Sif Muna's Reference Book on Execration
  4125 | D:5      | Found Vaduwath's Food Shoppe.
  4389 | D:6      | Found Orycown's Antique Weapon Emporium.
  4400 | D:6      | Reached **** piety under Makhleb
  4401 | D:6      | Noticed Dowan
  4416 | D:6      | Killed Dowan
  4416 | D:6      | Reached XP level 9. HP: 29/69 MP: 12/12
  4436 | D:6      | Noticed Duvessa
  4633 | D:5      | Reached skill level 6 in Staves
  4710 | D:6      | Killed Duvessa
  4895 | D:6      | Found a sacrificial altar of Ru.
  5600 | D:6      | Reached skill level 7 in Staves
  5623 | D:6      | Reached skill level 5 in Invocations
  5808 | D:7      | Reached ***** piety under Makhleb
  5972 | D:7      | Upgraded the game from 0.19-a0-1468-ge013c26 to 0.19-a0-1490-g5dd3618
  5978 | D:7      | Found Meug's Weapon Boutique.
  6015 | D:7      | Found a shimmering altar of Xom.
  6235 | D:7      | You fall through a shaft for 2 floors!
  6235 | D:9      | Noticed Rationalist's ghost (novice MiFi)
  6504 | D:7      | Reached XP level 10. HP: 56/77 MP: 13/13
  6960 | D:8      | Noticed Joseph
  6976 | D:8      | Killed Joseph
  6976 | D:8      | Reached skill level 8 in Staves
  7296 | D:9      | Noticed Psyche
  7326 | D:9      | Killed Psyche
  7373 | D:9      | Learned a level 3 spell: Regeneration
  7377 | D:9      | Learned a level 3 spell: Spectral Weapon
  7437 | D:9      | Killed Rationalist's ghost
  7810 | D:9      | Reached skill level 9 in Staves
  7890 | D:9      | Noticed Maurice
  7905 | D:9      | Killed Maurice
  8266 | D:9      | Found Panlurax's Distillery.
  8292 | D:9      | Bought a potion of degeneration for 12 gold pieces
  8296 | D:9      | Gained mutation: Potions and wands are less effective at restoring your health. [potion of mutation]
  8296 | D:9      | Gained mutation: You are robust. (+10% HP) [potion of mutation]
  8296 | D:9      | Gained mutation: Scrolls take you a little longer to read. [potion of mutation]
  8446 | D:9      | Noticed a hill giant
  8483 | D:9      | Killed a hill giant
  8483 | D:9      | Reached XP level 11. HP: 94/94 MP: 14/14
  8509 | D:9      | Noticed Prince Ribbit
  8593 | D:9      | Killed Prince Ribbit
  9258 | D:9      | Reached skill level 10 in Staves
  9297 | D:9      | Found a basalt altar of Yredelemnul.
  9331 | D:9      | Got a smoking spear
  9336 | D:9      | Identified the +3 spear of Acot {flame, rF+ Dex+4} (You found it on level 9 of the Dungeon)
  9417 | D:10     | Entered Level 10 of the Dungeon
  9741 | D:10     | Reached ****** piety under Makhleb
  9741 | D:10     | Reached skill level 10 in Shields
 10072 | D:10     | Noticed Josephine
 10115 | D:10     | Killed Josephine
 10406 | D:10     | Reached skill level 11 in Staves
 10563 | D:10     | Reached XP level 12. HP: 104/104 MP: 16/16
 10744 | D:10     | Gained mutation: You are dopey. (Int -2) [mutagenic meat]
 10750 | D:10     | Gained mutation: You have sharp toenails. [mutagenic meat]
 10753 | D:10     | Gained mutation: Your magical capacity is low. (-10% MP) [mutagenic meat]
 10753 | D:10     | Lost mutation: Scrolls take you a little longer to read. [potion of cure mutation]
 10753 | D:10     | Lost mutation: You have sharp toenails. [potion of cure mutation]
 10753 | D:10     | Lost mutation: Your magical capacity is low. (-10% MP) [potion of cure mutation]
 10753 | D:10     | Lost mutation: You are robust. (+10% HP) [potion of cure mutation]
 10896 | D:10     | Found a staircase to the Lair.
 11227 | D:11     | Reached skill level 10 in Armour
 11326 | D:11     | Reached skill level 1 in Dodging
 11793 | D:11     | Got a crude jade ring
 11839 | D:11     | Reached skill level 10 in Fighting
 12180 | D:11     | Identified the ring "Luekhad" {rF+ Int+4 Slay+5} (You found it on level 11 of the Dungeon)
 12382 | D:11     | Noticed an eight-headed hydra
 12391 | D:11     | HP: 1/97 [eight-headed hydra (10)]
 12391 | D:11     | Mangled by an eight-headed hydra

Vault maps used:
D:1:      roderic_crop_circles_arrival_small, minmay_tetromino_l4
D:2:      ecumenical_altar_2, nrook_mini_backslash
D:3:      lemuel_round_altar
D:4:      cheibriados_altar_wand_db, minitemple
D:5:      wad_crossroads, marbit_many_paths, vehumet_altar_wand_db,
          led_sif_book, serial_shops, nicolae_shop_stone, first_bread,
          uniq_eustachio
D:6:      kennysheep_housing_project, old_standard_altar, serial_shops, shop,
          minmay_misc_feat_doors, uniq_duvessa
D:7:      old_standard_altar, serial_shops, nicolae_shop_crystal
D:8:      uniq_joseph
D:9:      yredelemnul_altar_generic, serial_shops, nicolae_shop_statue_plus,
          uniq_maurice, uniq_psyche, uniq_prince_ribbit1
D:10:     grunt_lair_entry_orc_guard_hut, grunt_pizzeria, uniq_josephine

Skill      XL: |  1  2  3  4  5  6  7  8  9 10 11 12 |
---------------+-------------------------------------+-----
Shields        | 4 5 6 7 9 10 | 10.1
Armour         | 4 5 6 7 8 9 10 | 10.0
Fighting       | 4 5 6 7 9 10 | 10.0
Staves         | 3 4 5 7 9 11 | 11.1
Invocations    | 1 2 3 4 5 7 |  7.6
Dodging        | 2 |  2.9

Action                   |  1- 3 |  4- 6 |  7- 9 | 10-12 || total
-------------------------+-------+-------+-------+-------++-------
Melee: Quarterstaff      |    86 |   203 |   375 |   271 ||   935
       Spear             |       |       |       |   707 ||   707
Throw: Throwing net      |       |       |       |     2 ||     2
Invok: Lesser Servant of |       |       |     5 |     3 ||     8
       Minor Destruction |       |       |       |    15 ||    15
       Major Destruction |       |       |       |     2 ||     2
 Abil: Dig               |       |       |     1 |     1 ||     2
Evoke: Wand              |       |     6 |    12 |    38 ||    56
       Rod               |       |       |    12 |    14 ||    26
  Use: Scroll            |       |       |     3 |    11 ||    14
       Potion            |       |       |       |     5 ||     5
 Stab: Confused          |       |     1 |       |     2 ||     3
       Distracted        |       |       |     1 |     1 ||     2
  Eat: Chunk             |       |     6 |    17 |    31 ||    54
Armor: Scale mail        |     4 |       |       |       ||     4
       Leather armour    |    41 |    71 |   112 |   118 ||   342
       Ring mail         |       |       |       |   105 ||   105
Dodge: Dodged            |    25 |    60 |   128 |   249 ||   462
Block: Shield            |    56 |    91 |   190 |   508 ||   845
